 Dungeon Crawl Stone Soup version 0.28.0 (webtiles) character file.

Game seed: 1766376923641331031

19 Armakuni the Vexing (level 2, 0/21 HPs)
             Began as a Human Enchanter on Feb 9, 2022.
             Slain by a bat (1 damage)
             ... on level 1 of the Dungeon.
             The game lasted 00:02:04 (627 turns).

Armakuni the Vexing (Human Enchanter)                Turns: 627, Time: 00:02:04

Health: 0/21       AC:  2    Str:  8    XL:     2   Next: 95%
Magic:  5/5        EV: 12    Int: 15    God:
Gold:   50         SH:  0    Dex: 13    Spells: 5/5 levels left

rFire   . . .      SeeInvis .   a - +1 dagger
rCold   . . .      Faith    .   (no shield)
rNeg    . . .      Spirit   .   b - +0 robe
rPois   .          Reflect  .   (no helmet)
rElec   .          Harm     .   (no cloak)
rCorr   .          Rampage  .   (no gloves)
Will    .....                   (no boots)
Stlth   ++........              (no amulet)
HPRegen 0.07/turn               (no ring)
MPRegen 0.09/turn               (no ring)

@: attractive, invisible
A: no striking features
a: no special abilities


You were on level 1 of the Dungeon.
You visited 1 branch of the dungeon, and saw 1 of its levels.

You collected 50 gold pieces.

Inventory:

Hand Weapons
 a - a +1 dagger (weapon)
Armour
 b - a +0 robe (worn)
Potions
 c - a potion of invisibility


   Skills:
 + Level 1.4 Fighting
 - Level 1.0(1.4) Short Blades
 + Level 1.5(1.7) Long Blades
 - Level 2.0 Dodging
 - Level 3.0 Stealth
 - Level 2.0 Spellcasting
 - Level 3.0 Hexes


You had 5 spell levels left.
You didn't know any spells.
Your spell library contained the following spells:

 Spells                   Type           Power      Damage    Failure   Level
 Ensorcelled Hibernation  Hex/Ice        12%        N/A       19%         2
 Confusing Touch          Hex            10%        N/A       19%         3
 Tukima's Dance           Hex            10%        N/A       19%         3
 Dazzling Flash           Conj/Hex       12%        N/A       34%         3


Dungeon Overview and Level Annotations

Branches:
Dungeon (1/15)

Altars:


Message History

The kobold hits you with a +0 whip.
You hit the kobold but do no damage.
The kobold is heavily wounded.
The kobold misses you.
It was a potion of attraction.
You feel attractive to monsters.
A goblin comes into view. It is wielding a +0 dagger.
The kobold hits you with a +0 whip.
* * * LOW HITPOINT WARNING * * *
The goblin is attracted toward you. The bat is attracted toward you.
You fade into invisibility!
The kobold hits you but does no damage.
You hit the kobold.
The kobold is heavily wounded.
The kobold misses you.
You catch the helpless kobold completely off-guard!
You puncture the kobold!
You kill the kobold!
The bat barely misses you.
You hit the bat.
The bat is moderately wounded.
The bat hits you but does no damage. The bat is attracted toward you.
You hit the goblin but do no damage. The goblin closely misses you.
You barely miss the goblin.
The goblin shouts!
You hit the goblin.
The goblin is severely wounded.
You catch the helpless goblin completely off-guard!
You puncture the goblin!
You kill the goblin!
The bat hits you.
* * * LOW HITPOINT WARNING * * *
The bat misses you.
You hit the bat but do no damage. The bat hits you.
* * * LOW HITPOINT WARNING * * *
The bat hits you.
* * * LOW HITPOINT WARNING * * *
You miss the bat. The bat barely misses you. The bat is attracted toward you.
You hit the bat but do no damage. The bat hits you.
You die...

..#.#...#..#...#.##
........##.#....<..
##........#...###.#.
.........###..#..##
#.#.......##.#..#.
#.......#....#....
#......#####.###.#
#......# #.#...# #@##...#
..#.###
.#######b###..#########..
.......(............>....
........§...###........†.
#b..........##...........
#..........###.###..##...
#..........###.#(#...####
#..............##÷##..###
#..........##....#.#...#.


You could see a bat.

Vanquished Creatures
  A dart slug (D:1)
  3 goblins (D:1)
  A jackal (D:1)
  A kobold (D:1)
  2 quokkas (D:1)
  2 ball pythons (D:1)
  3 bats (D:1)
  2 frilled lizards (D:1)
  2 rats (D:1)
17 creatures vanquished.

Notes
Turn   | Place    | Note
-------+----------+-------------------------------------------
     0 | D:1      | Armakuni the Human Enchanter began the quest for the Orb.
     0 | D:1      | Reached XP level 1. HP: 13/13 MP: 3/3
    54 | D:1      | Reached skill level 1 in Fighting
    54 | D:1      | Reached skill level 1 in Long Blades
    54 | D:1      | Reached XP level 2. HP: 10/21 MP: 5/5
   625 | D:1      | HP: 1/21 [bat (1)]
   627 | D:1      | Slain by a bat

Illustrated notes

Levels and vault maps discovered:
D:1:      psy_arrival_radial01, layout_rooms, ebering_ecumenical_altar_rust,
          serial_glass, glass_columns_b, glass_columns_b, glass_columns_a,
          glass_columns_a, glass_columns_a, glass_columns_a, glass_columns_a,
          glass_columns_c, glass_columns_c, glass_columns_a, glass_columns_b,
          glass_columns_a, glass_columns_b, glass_columns_a, minmay_vboxes

Skill      XL: |  1 |
---------------+----+-----
Fighting       | 1 |  1.4
Long Blades    | 1 |  1.5
Short Blades   | |  1.0
Dodging        | |  2.0
Stealth        | |  3.0
Spellcasting   | |  2.0
Hexes          | |  3.0

Action                   || total
-------------------------++-------
Melee: Dagger            ||    69
       Punch             ||     1
  Use: Potion            ||     2
 Stab: Invisible         ||     2
       Sleeping          ||     2
Armor: Robe              ||    15
Dodge: Dodged            ||    41
